 Dungeon Crawl Stone Soup version 0.29-a0-824-gd827844252 (webtiles) character file.

Game seed: 7268309049427943391

51 pokeman the Magician (level 3, -1/20 HPs)
             Began as a Deep Elf Hedge Wizard on July 10, 2022.
             Slain by Crazy Yiuf
             ... wielding a +2 quarterstaff of chaos
              (5 damage)
             ... on level 2 of the Dungeon.
             The game lasted 00:03:16 (2345 turns).

pokeman the Magician (Deep Elf Hedge Wizard)        Turns: 2345, Time: 00:03:16

Health: -1/20      AC:  2    Str:  7    XL:     3   Next: 57%
Magic:  0/11       EV: 12    Int: 20    God:
Gold:   68         SH:  5    Dex: 16    Spells: 1/12 levels left

rFire   . . .      SeeInvis .   a - +8 spear "Fonge" {vorpal, Fragile rC+ Dex+2}
rCold   + . .      Faith    .   (no shield)
rNeg    . . .      Spirit   .   b - +0 robe
rPois   .          Reflect  +   c - +0 hat
rElec   .          Harm     .   (no cloak)
rCorr   .          Rampage  .   (no gloves)
Will    .....                   (no boots)
Stlth   ++........              i - amulet of reflection
HPRegen 0.06/turn               (no ring)
MPRegen 0.12/turn               (no ring)

@: very slightly contaminated
A: no striking features
a: no special abilities


You were on level 2 of the Dungeon.
You visited 1 branch of the dungeon, and saw 2 of its levels.

You collected 68 gold pieces.

Inventory:

Hand Weapons
 a - the +8 spear "Fonge" (weapon) {vorpal, Fragile rC+ Dex+2}
   (You found it on level 2 of the Dungeon)

   It inflicts extra damage upon your enemies.
   Dex:       It affects your dexterity (+2).
   rC:        It protects you from cold.
   Fragile:   It will be destroyed if unequipped.
Armour
 b - a +0 robe (worn)
 c - a +0 hat (worn)
Jewellery
 i - an amulet of reflection (around neck)
Scrolls
 f - a scroll of identify {unknown}
 g - a scroll of poison {unknown}
 h - a scroll of enchant armour {unknown}
 j - a scroll of brand weapon {unknown}
 k - a scroll of teleportation {unknown}
Potions
 d - a potion of magic
 e - a potion of invisibility {unknown}
 l - a potion of heal wounds {unknown}


   Skills:
 - Level 1.0 Fighting
 - Level 1.0 Armour
 + Level 2.4 Dodging
 + Level 2.4 Stealth
 * Level 5.3 Spellcasting
 + Level 1.9 Conjurations
 - Level 1.1 Summonings
 - Level 1.1 Translocations


You had one spell level left.
You knew the following spells:

 Your Spells              Type           Power      Damage    Failure   Level
a - Magic Dart            Conj           52%        1d5       4%          1
b - Mephitic Cloud        Conj/Pois/Air  7%         N/A       26%         3
c - Call Imp              Summ           9%         N/A       11%         2
d - Blink                 Tloc           18%        N/A       11%         2
e - Conjure Flame         Conj/Fire      9%         6-21      22%         3

Your spell library contained the following spells:

 Spells                   Type           Power      Damage    Failure   Level
 Slow                     Hex            20%        N/A       11%         1
 Ensorcelled Hibernation  Hex/Ice        10%        N/A       17%         2
 Passwall                 Tmut/Erth      4%         N/A       17%         2
 Dazzling Flash           Conj/Hex       18%        N/A       22%         3
 Swiftness                Air            5%         N/A       32%         3
 Agony                    Necr           5%         N/A       97%         5
 Silence                  Hex/Air        2%         N/A       97%         5


Dungeon Overview and Level Annotations

Branches:
Dungeon (2/15)

Altars:

Shops:
D:1 (

Annotations:
D:2 Crazy Yiuf


Message History

The magic dart hits Crazy Yiuf.
Crazy Yiuf is heavily wounded.
Casting: Magic Dart (safe; 4% risk of failure)
Confirm with . or Enter, or press ? or * to list all spells.
The spell is extremely dangerous to miscast (26% risk of failure)!
Continue anyway?
Aiming: Mephitic Cloud (extremely dangerous; 26% risk of failure)
Press: ? - help, Shift-Dir - straight line, f/p - Crazy Yiuf
Aim: Crazy Yiuf, wielding a +2 quarterstaff of chaos and wearing a +0 cloak (heavily wounded, chance to affect: 86%)
You miscast Mephitic Cloud.
You are very lightly contaminated with residual magic.
Nothing appears to happen.
Crazy Yiuf drinks a potion.
Crazy Yiuf is healed!
Casting: Mephitic Cloud (extremely dangerous; 26% risk of failure)
Confirm with . or Enter, or press ? or * to list all spells.
The spell is extremely dangerous to miscast (26% risk of failure)!
Continue anyway?
Aiming: Mephitic Cloud (extremely dangerous; 26% risk of failure)
Press: ? - help, Shift-Dir - straight line, f/p - Crazy Yiuf
Aim: Crazy Yiuf, wielding a +2 quarterstaff of chaos and wearing a +0 cloak (lightly wounded, chance to affect: 86%)
The ball explodes into a vile cloud!
The stinking cloud engulfs Crazy Yiuf but does no damage.
Crazy Yiuf is lightly wounded.
Crazy Yiuf is engulfed in noxious fumes.
Crazy Yiuf yells, "Mama wrapper koolooloo!"
Unknown command.
Reach: a) +8 spear "Fonge" {vorpal, Fragile rC+ Dex+2}
Press: ? - help, Dir - move target, f/p - Crazy Yiuf
Aim: Crazy Yiuf, wielding a +2 quarterstaff of chaos and wearing a +0 cloak (lightly wounded, about 27% to evade the +8 spear "Fonge")
You reach to attack!
You closely miss Crazy Yiuf.
Crazy Yiuf is lightly wounded.
Unknown command.
Reach: a) +8 spear "Fonge" {vorpal, Fragile rC+ Dex+2}
Press: ? - help, Dir - move target, f/p - Crazy Yiuf
Aim: Crazy Yiuf, wielding a +2 quarterstaff of chaos and wearing a +0 cloak (lightly wounded, about 27% to evade the +8 spear "Fonge")
You hit Crazy Yiuf but do no damage.
Crazy Yiuf is lightly wounded.
Crazy Yiuf hits you with a +2 quarterstaff of chaos!
Crazy Yiuf attacks as you move away!
Crazy Yiuf hits you with a +2 quarterstaff of chaos!
* * * LOW HITPOINT WARNING * * *
Crazy Yiuf burns you.
You die...

#...# #..............
##.## #####.#########
#.# #.# ### ### ## #.
♣♣♣♣♣#### #. ####
♣♣♣.♣.P...## #.
#°°°#♣..♣.P.....## #.
#.°.g@♣♣♣♣.......####.
#)°.#♣♣ ♣♣......'....
#### ♣♣##...####.
#..## #. #.## #. ###
######### ## #.#
#####.......# # #.#
#.......###.# # #.#
#.###.#.# #.# #


You could see Crazy Yiuf.

Vanquished Creatures
  2 adders (D:2)
  2 dart slugs
  An endoplasm (D:1)
  6 goblins (D:1)
  3 hobgoblins
  3 quokkas
  2 ball pythons (D:1)
  3 bats
  2 frilled lizards (D:1)
  2 kobolds
  4 rats
30 creatures vanquished.

Vanquished Creatures (others)
  A fungus (D:2)
1 creature vanquished.

Grand Total: 31 creatures vanquished

Notes
Turn   | Place    | Note
-------+----------+-------------------------------------------
     0 | D:1      | pokeman the Deep Elf Hedge Wizard began the quest for the
                  | Orb.
     0 | D:1      | Reached XP level 1. HP: 10/10 MP: 7/7
    39 | D:1      | Found Boun's Weapon Shop.
   411 | D:1      | Reached XP level 2. HP: 15/15 MP: 4/9
   948 | D:1      | Reached skill level 5 in Spellcasting
  1209 | D:2      | Reached XP level 3. HP: 20/20 MP: 5/11
  1213 | D:2      | Learned a level 3 spell: Mephitic Cloud
  1216 | D:2      | Learned a level 2 spell: Call Imp
  1219 | D:2      | Learned a level 2 spell: Blink
  1223 | D:2      | Learned a level 3 spell: Conjure Flame
  1747 | D:2      | Identified the +8 spear "Fonge" {vorpal, Fragile rC+ Dex+2}
  1813 | D:2      | Reached skill level 1 in Armour
  1907 | D:2      | Reached skill level 1 in Fighting
  2072 | D:2      | Found a runed translucent door.
  2073 | D:2      | Noticed Crazy Yiuf
  2345 | D:2      | Slain by Crazy Yiuf

Illustrated notes

Levels and vault maps discovered:
D:1:      dpeg_arrival_long_road, layout_loops_ring, serial_shops,
          nicolae_shop_bloodbath_and_beyond
D:2:      layout_loops_corners, uniq_crazy_yiuf_cottage

Skill      XL: |  1  2  3 |
---------------+----------+-----
Spellcasting   | 5 |  5.3
Armour         | 1 |  1.0
Fighting       | 1 |  1.0
Dodging        | |  2.4
Stealth        | |  2.4
Conjurations   | |  1.9
Summonings     | |  1.1
Translocations | |  1.1

Action                   || total
-------------------------++-------
Melee: Spear             ||     2
 Cast: Magic Dart        ||    87
       Mephitic Cloud    ||     2
       Call Imp          ||     1
Armor: Robe              ||     2
Dodge: Dodged            ||     5
Block: Other             ||     2

Table legend: (Time is in decaauts)
 A = Elapsed time spent in this place.
 B = Non-inter-level travel time spent in this place.
 C = Inter-level travel time spent in this place.
 D = Time resting spent in this place.
 E = Time spent auto-exploring this place.
 F = Levels seen in this place.
 G = Mean time per level.
                   A        B        C        D        E       F      G
               +--------+--------+--------+--------+--------+-----+--------+
         Total |   2343 |   2330 |     13 |      0 |   2140 |   2 | 1171.5 |
       Dungeon |   2343 |   2330 |     13 |      0 |   2140 |   2 | 1171.5 |
               +--------+--------+--------+--------+--------+-----+--------+

Top non-repeatable levels by time:
     D:1: 1203 daAuts
     D:2: 1140 daAuts
